 Dungeon Crawl Stone Soup version 0.29.0-5-ge4962eb29e (webtiles) character file.

Game seed: 9897138017519004892

336 Zeldest the Chopper (level 6, -2/47 HPs)
             Began as a Mummy Chaos Knight on Aug 29, 2022.
             Was a Plaything of Xom.
             Slain by a mummy (13 damage)
             ... in an ossuary.
             The game lasted 00:04:06 (2732 turns).

Zeldest the Chopper (Mummy Chaos Knight)            Turns: 2732, Time: 00:04:07

Health: -2/47      AC:  6    Str: 17    XL:     6   Next: 28%
Magic:  6/6        EV: 11    Int: 11    God:    Xom [.....*]
Gold:   225        SH:  5    Dex: 12    Spells: 5/5 levels left

rFire   x . .      SeeInvis .   a - +0 hand axe (chaos)
rCold   + . .      Faith    .   (no shield)
rNeg    + + +      Spirit   .   b - +2 leather armour
rPois   ∞          Reflect  +   k - +0 helmet
rElec   .          Harm     .   (no cloak)
rCorr   .          Rampage  .   (no gloves)
Will    .....                   (no boots)
Stlth   +.........              j - amulet of reflection
HPRegen 0.15/turn               (no ring)
MPRegen 0.10/turn               (no ring)

@: cleaving
A: cold resistance 1, negative energy resistance 3, torment resistance 2, heat
vulnerability 1, in touch with death 1, no potions
a: Renounce Religion


You were in an ossuary.
You worshipped Xom.
You were Xom's teddy bear.
You visited 1 branch of the dungeon, and saw 4 of its levels.
You also visited: Ossuary.

You collected 225 gold pieces.

Inventory:

Hand Weapons
 a - a +0 hand axe of chaos (weapon)
Missiles
 r - 4 curare-tipped darts (quivered)
Armour
 b - a +2 leather armour (worn)
 k - a +0 helmet (worn)
Jewellery
 j - an amulet of reflection (around neck)
Wands
 i - a wand of flame (1)
 m - a wand of iceblast (12)
 o - a wand of digging (4)
Scrolls
 d - 3 scrolls of identify
 e - a scroll of amnesia
 f - a scroll of magic mapping
 g - a scroll of summoning {unknown}
 h - a scroll of teleportation
 l - a scroll of brand weapon {unknown}
 n - a scroll of silence {unknown}
 p - 2 scrolls of torment {unknown}
 q - a scroll of noise {unknown}
Miscellaneous
 c - a piece from Xom's chessboard (15/15)


   Skills:
 - Level 3.0 Fighting
 + Level 5.9 Axes
 - Level 1.5 Armour
 - Level 0.7 Dodging


You had 5 spell levels left.
You didn't know any spells.
Your spell library was empty.

Dungeon Overview and Level Annotations

Branches:
Dungeon (4/15)            Ossuary (1/1)
 Temple: D:4-7

Altars:

Annotations:
Ossuary Menkaure


Innate Abilities, Weirdness & Mutations

You are immune to poison.
Your flesh is cold resistant. (rC+)
You are immune to negative energy. (rN+++)
You are immune to unholy pain and torment.
You are vulnerable to heat. (rF-)
You are in touch with the powers of death.
You do not drink.


Message History

The kobold zombie is almost destroyed.
You block the kobold zombie's attack.
You slash the kobold zombie!
You destroy the kobold zombie!
No target in view!
There is an open door here.
You open the door.
There is an open door here.
As you open the door, it creaks loudly!
Menkaure and 4 mummies come into view.
Menkaure shouts!
The mummy moves out of view. x2
Found eight items.
Found a gate leading back out of this place.
Found seven items.
There is an open door here.
There are monsters nearby!
There is a click, and some walls slide away!
A centaur zombie and an ogre zombie come into view.
There are monsters nearby!
Menkaure casts a spell.
Menkaure seems to speed up.
You hit Menkaure but do no damage. You hit the mummy but do no damage. x2
Menkaure hits you!! The mummy closely misses you. The mummy misses you.
You hit Menkaure.
Menkaure is moderately damaged.
You hit the mummy.
The mummy appears confused.
You hit the mummy.
The mummy seems to speed up.
The mummy hits you!
* * * LOW HITPOINT WARNING * * *
You hit the mummy.
The mummy is lightly damaged.
You hit the mummy. You hit Menkaure but do no damage. You hit the mummy.
You burn the mummy. You hit the centaur zombie.
The centaur zombie suddenly stops moving!
The mummy blinks!
Xom grants you a minor favour.
Your +0 hand axe of chaos looks sharp (like it always does).
Menkaure closely misses you. The mummy hits you!
You die...
Xom chortles!

#..# ....#......###
#..# .............
#..# ............
+..# M..?!!.....
#..# ..??$!!... #..#
..!$∩$?..########..#
..!?$!§MM.....#.'..#
...!?!M@......'.#..#
.......Z......#.#..#
.......M.'....###..#
....#....Z.####.'..#
... #........ #.#..#
.. #....#....#.#..#
. #....#....###..#
#....#....#.'..#
###+###+###.#..#


You could see Menkaure (fast), 4 mummies, a centaur zombie (paralysed) and an
ogre zombie.

Vanquished Creatures
  A water moccasin (D:4)
  A black bear (D:4)
  2 iguanas (D:4)
  4 adders
  A worm (D:4)
  2 dart slugs (D:2)
  3 endoplasms
  4 giant cockroaches
  5 goblins
  3 hobgoblins
  3 quokkas
  3 ball pythons
  3 bats
  2 frilled lizards (D:2)
  4 kobolds
  A kobold zombie (Ossuary)
  A quokka zombie (Ossuary)
  4 rats
47 creatures vanquished.

Vanquished Creatures (others)
  2 plants (D:1)
2 creatures vanquished.

Grand Total: 49 creatures vanquished

Notes
Turn   | Place    | Note
-------+----------+-------------------------------------------
     0 | D:1      | Zeldest the Mummy Chaos Knight began the quest for the Orb.
     0 | D:1      | Reached XP level 1. HP: 18/18 MP: 1/1
   178 | D:1      | XOM: silly message
   195 | D:1      | XOM: confusion (+ monsters)
   397 | D:1      | You fall into a shaft and drop 1 floor!
   454 | D:2      | Reached skill level 3 in Axes
   454 | D:2      | Reached XP level 2. HP: 10/24 MP: 2/2
   454 | D:2      | XOM: noise
   638 | D:2      | XOM: confusion (+ monsters)
   639 | D:2      | XOM: god gift: scroll labelled KAPRYHARCH {god gift}
   766 | D:2      | XOM: god gift: 34 gold pieces
   825 | D:2      | Gained mutation: You are in touch with the powers of death.
                  | [Mummy growth]
   825 | D:2      | Reached XP level 3. HP: 19/29 MP: 3/3
  1207 | D:2      | XOM: god gift: 47 gold pieces
  1746 | D:3      | Reached skill level 4 in Axes
  1844 | D:3      | Reached XP level 4. HP: 35/35 MP: 4/4
  1928 | D:3      | Found a faded altar of an unknown god.
  2116 | D:4      | Noticed a black bear
  2124 | D:4      | XOM: confuse monster(s)
  2127 | D:4      | Killed a black bear
  2128 | D:4      | Reached XP level 5. HP: 15/41 MP: 5/5
  2130 | D:4      | Noticed a water moccasin
  2131 | D:4      | XOM: cleaving
  2141 | D:4      | Killed a water moccasin
  2142 | D:4      | Reached skill level 5 in Axes
  2142 | D:4      | Reached XP level 6. HP: 19/47 MP: 6/6
  2300 | D:4      | XOM: cleaving
  2499 | D:4      | XOM: summons friendly smoke demon
  2532 | D:4      | Found a sand-covered staircase.
  2541 | Ossuary  | Entered an ossuary
  2726 | Ossuary  | Noticed Menkaure
  2732 | Ossuary  | XOM: cleaving
  2732 | Ossuary  | Slain by a mummy

Illustrated notes

Levels and vault maps discovered:
D:1:      dpeg_chamrin_arrival_tetris, layout_basic, serial_bayou_ford_a
D:2:      layout_basic, minmay_pentomino_pile
D:3:      layout_basic, shapermc_ecumenical_altar_gd, wad_floor_pattern_2
D:4:      layout_basic, nicolae_ossuary_entry_monument,
          grunt_decor_mini_mirrors, minmay_increasing_density, uniq_duvessa
Ossuary:  ossuary_boxes_badplayer

Skill      XL: |  1  2  3  4  5 |
---------------+----------------+-----
Axes           | 3 4 5 |  5.9
Fighting       | |  3.0
Armour         | |  1.5
Dodging        | |  0.7

Action                   |  1- 3 |  4- 6 || total
-------------------------+-------+-------++-------
Melee: Hand axe          |   110 |    62 ||   172
Throw: Dart              |       |     2 ||     2
Evoke: Wand              |       |     3 ||     3
  Use: Scroll            |       |     5 ||     5
 Stab: Confused          |     1 |       ||     1
Armor: Leather armour    |    47 |    18 ||    65
Dodge: Dodged            |    57 |    38 ||    95
Block: Other             |     9 |    15 ||    24
